 Dungeon Sprint DCSS version 0.17-a0-764-gd40c196 (webtiles) character file.

900000 namelastname112 the Sensei (level 14, -4/137 HPs)
             Began as a Demonspawn Monk on Apr 23, 2015.
             Was a Believer of Makhleb.
             Slain by a meat berserker
             ... wielding a +9 battleaxe
              (45 damage)
             ... in the Dungeon (Sprint VIII: "Arena of Blood").
             The game lasted 00:00:19 (9 turns).

namelastname112 the Sensei (Demonspawn Monk)           Turns: 9, Time: 00:00:19

Health: -4/137     AC:  4    Str: 12    XL:     14   Next: 31%
Magic:  14/14      EV: 27    Int: 13    God:    Makhleb [**....]
Gold:   0          SH:  0    Dex: 19    Spells: 0 memorised, 13 levels left

rFire  . . .     SeeInvis .     i - +∞ Axe of Woe
rCold  + . .     Clarity  .     a - +0 robe
rNeg   . . .     SustAb   .     (no shield)
rPois  .         Gourm    .     (no helmet)
rElec  .         Spirit   .     (no cloak)
rCorr  .         Warding  .     (no gloves)
rMut   .         NoTele   +     (no boots)
MR     +....                    (no amulet)
Stlth  ++++......               (no ring)
                                (no ring)

@: somewhat resistant to hostile enchantments, stealthy
A: hooves 2, rugged brown scales 2, cold resistance 1, spiny 2
a: Minor Destruction, Renounce Religion


You were in the Dungeon.
You worshipped Makhleb.
Makhleb was pleased with you.
You were not hungry.

You visited 1 branch

Inventory:

Hand weapons
 i - the +∞ Axe of Woe (weapon)
   (You found it in the Dungeon)
Armour
 a - a +0 robe (worn)
Scrolls
 h - a scroll of blinking
Potions
 c - a potion of curing
 d - a potion of heal wounds
 e - a potion of haste
 f - 2 potions of magic
 g - a potion of berserk rage
Comestibles
 b - a bread ration


   Skills:
 + Level 18.5 Fighting
 + Level 2.5 Axes
 + Level 16.9 Dodging
 + Level 7.5 Stealth
 + Level 24.5 Unarmed Combat


You had 13 spell levels left.
You didn't know any spells.

Dungeon Overview and Level Annotations

Branches:
Dungeon (1/1)

Altars:
Makhleb


Innate Abilities, Weirdness & Mutations

You have hoof-like feet.
You are mostly covered in rugged brown scales (AC +2, +5% HP).
Your flesh is cold resistant.
You are mostly covered in sharp spines.


Message History

You have reached level 12!
Your experience leads to an increase in your attributes!
Increase (S)trength, (I)ntelligence, or (D)exterity?
You feel agile.
You feel clever.
You have reached level 13!
Your demonic ancestry asserts itself...
Your feet thicken and deform.
You slash the meat berserker!
You fatally mangle the meat berserker.
You kill the meat berserker!
Makhleb accepts your kill.
Your Fighting skill gained 2 levels and is now at level 18!
Your Axes skill gained 2 levels and is now at level 2!
Your Dodging skill gained 2 levels and is now at level 16!
Your Stealth skill increases to level 7!
Your Unarmed Combat skill gained 3 levels and is now at level 24!
You have reached level 14!
You hear a shout! x12
The meat berserker is struck by your spines.
The meat berserker hits you with a +9 battleaxe!!!
You die...

.... . ... .o #..
.# . #.. ..#
..###.. ..###.
........###.......
#........_........
......#.)O..#.....
... #_@<._# . .
#.....#
....._......
......###......
..###.. ..###. #..
..# #.. ..# ... ..
.


You could see a meat berserker (berserk).

Vanquished Creatures
  2 ogres (D)
2 creatures vanquished.

Notes
Turn   | Place    | Note
--------------------------------------------------------------
     0 | D        | namelastname112, the Demonspawn Monk, began the quest for the Orb.
     0 | D        | Reached XP level 1. HP: 18/18 MP: 1/1
     3 | D        | Noticed a bag of meat
     3 | D        | Noticed a bag of meat
     4 | D        | Became a worshipper of Makhleb the Destroyer
     4 | D        | Acquired Makhleb's first power
     4 | D        | Acquired Makhleb's second power
     5 | D        | Noticed a meat berserker
     7 | D        | Noticed a meat berserker
     8 | D        | Noticed a meat berserker
     9 | D        | Killed a meat berserker
     9 | D        | Reached skill level 16 in Fighting
     9 | D        | Reached skill level 21 in Unarmed Combat
     9 | D        | Gained mutation: You have large cloven feet. [demonic ancestry]
     9 | D        | Reached XP level 2. HP: 21/45 MP: 2/2
     9 | D        | Gained mutation: You are partially covered in rugged brown scales (AC +1, +3% HP). [demonic ancestry]
     9 | D        | Reached XP level 3. HP: 21/52 MP: 3/3
     9 | D        | Reached XP level 4. HP: 23/59 MP: 4/4
     9 | D        | Reached XP level 5. HP: 25/65 MP: 5/5
     9 | D        | Gained mutation: You are partially covered in sharp spines. [demonic ancestry]
     9 | D        | Reached XP level 6. HP: 28/73 MP: 6/6
     9 | D        | Gained mutation: You are mostly covered in sharp spines. [demonic ancestry]
     9 | D        | Reached XP level 7. HP: 30/80 MP: 7/7
     9 | D        | Reached XP level 8. HP: 32/87 MP: 8/8
     9 | D        | Gained mutation: You are mostly covered in rugged brown scales (AC +2, +5% HP). [demonic ancestry]
     9 | D        | Reached XP level 9. HP: 32/95 MP: 9/9
     9 | D        | Reached XP level 10. HP: 34/102 MP: 10/10
     9 | D        | Gained mutation: Your flesh is cold resistant. [demonic ancestry]
     9 | D        | Reached XP level 11. HP: 36/109 MP: 11/11
     9 | D        | Reached XP level 12. HP: 38/116 MP: 12/12
     9 | D        | Gained mutation: You have hoof-like feet. [demonic ancestry]
     9 | D        | Reached XP level 13. HP: 39/122 MP: 13/13
     9 | D        | Killed a meat berserker
     9 | D        | Reached skill level 24 in Unarmed Combat
     9 | D        | Reached XP level 14. HP: 41/137 MP: 14/14
     9 | D        | Slain by a meat berserker

Action                   |  1- 3 |  4- 6 |  7- 9 | 10-12 | 13-15 || total
-------------------------+-------+-------+-------+-------+-------++-------
Melee: Executioner's axe |     1 |       |       |       |       ||     1
